 Dungeon Crawl Stone Soup version 0.25-a0-110-ge29c8f2358 (webtiles) character file.

Game seed: 14898015206387109203, levelgen mode: deterministic

69 vurker the Skirmisher (level 4, -1/37 HPs)
             Began as a Formicid Abyssal Knight on Nov 19, 2019.
             Was a Believer of Lugonu.
             Slain by Grinder (6 damage)
             ... on level 3 of the Dungeon.
             The game lasted 00:01:47 (1768 turns).

vurker the Skirmisher (Formicid Abyssal Knight)     Turns: 1768, Time: 00:01:48

Health: -1/37      AC:  4    Str: 17    XL:     4   Next: 42%
Magic:  6/6        EV: 11    Int: 12    God:    Lugonu [**....]
Gold:   58         SH:  0    Dex: 10    Spells: 3/3 levels left

rFire    . . .     SeeInvis +   a - +1 hand axe
rCold    . . .     Gourm    .   (no shield)
rNeg     . . .     Faith    .   b - +0 leather armour
rPois    .         Spirit   .   (helmet unavailable)
rElec    .         Reflect  .   g - +0 cloak
rCorr    .         Harm     .   (no gloves)
MR       .....                  (no boots)
Stlth    +.........             (no amulet)
HPRegen  0.12/turn              (no ring)
MPRegen  0.10/turn              (no ring)

@: no status effects
A: permanent stasis, dig shafts and tunnels, four strong arms, antennae 3
a: Dig, Shaft Self, Depart the Abyss, Bend Space, Renounce Religion


You were on level 3 of the Dungeon.
You worshipped Lugonu.
Lugonu was pleased with you.
You were not hungry.

You visited 1 branch of the dungeon, and saw 3 of its levels.
You visited the Abyss 1 time.

You collected 58 gold pieces.

Inventory:

Hand Weapons
 a - a +1 hand axe (weapon)
Armour
 b - a +0 leather armour (worn)
 g - a +0 cloak (worn)
   (You found it on level 1 of the Dungeon)
Scrolls
 k - a scroll of remove curse {unknown}
Potions
 d - a potion of brilliance {unknown}
 f - 2 potions of berserk rage {unknown}
 h - a potion of heal wounds {unknown}
 i - a potion of lignification {unknown}
 j - a potion of resistance {unknown}
Comestibles
 c - 5 chunks of flesh
 e - 4 rations


   Skills:
 + Level 3.9 Fighting
 * Level 3.3 Axes
 - Level 2.1 Armour
 - Level 0.8 Dodging
 + Level 3.1 Invocations


You had 3 spell levels left.
You didn't know any spells.
Your spell library was empty.

Dungeon Overview and Level Annotations

Branches:
Dungeon (2/15)

Altars:

Annotations:
D:3 Grinder


Innate Abilities, Weirdness & Mutations

You cannot be hasted, slowed, berserked, paralysed or teleported.
You can dig through walls and to a lower floor.
Your four strong arms can wield two-handed weapons with a shield.
You have a pair of large antennae on your head. (SInv)


Message History

No target in view!
You butcher the hobgoblin corpse.
c - 2 chunks of flesh You butcher the jackal corpse.
c - 5 chunks of flesh (gained 3)
There is an open door, spattered with blood here.
Things that are here:
a +0 club; a hobgoblin skeleton; a jackal skeleton
There is an open door, spattered with blood here.
Things that are here:
a +0 club; a hobgoblin skeleton; a jackal skeleton You fall into a shaft and drop 1 floor!
The shaft crumbles and collapses.
A goblin comes into view. It is wielding a +0 club.
The goblin shouts!
Found a scroll labeled WULETAQIVEH.
An ooze comes into view.
The goblin barely misses you.
You hit the goblin. The goblin closely misses you.
You barely miss the goblin. The goblin barely misses you.
The ooze jiggles.
You hit the goblin.
You kill the goblin!
Lugonu accepts your kill.
Grinder comes into view.
She is carrying a wand of random effects (16).
Grinder blinks!
The ooze closely misses you.
You hit the ooze. Grinder gestures at you. Pain shoots through your body!
The ooze hits you.
You barely miss the ooze. The ooze hits you.
You hit the ooze. The ooze misses you.
You slash the ooze!
You kill the ooze!
Lugonu accepts your kill.
You hit Grinder but do no damage. Grinder hits you.
You writhe in agony.
You hit Grinder. Grinder gestures at you. Pain shoots through your body!
* * * LOW HITPOINT WARNING * * *
A worm comes into view.
Grinder gestures at you.
You barely resist. You slash Grinder! Grinder barely misses you.
You hit Grinder. Grinder hits you.
* * * LOW HITPOINT WARNING * * *
You writhe in agony.
* * * LOW HITPOINT WARNING * * *
You barely miss Grinder. Grinder misses you.
You hit Grinder. Grinder hits you.
You die...

..# .# ..##.#
#....###
###..≈≈≈≈###
#....≈≈≈≈≈≈###
#....≈≈≈≈≈≈≈≈≈
#....≈≈≈≈≈≈≈≈≈
#...#≈≈≈≈≈≈≈
#.5@...≈≈≈≈≈
##.#######≈≈
#.# #w# ...
....# ......
......##
........


You could see Grinder and a worm.

Vanquished Creatures
  2 adders (D:2)
  An ooze (D:3)
  A dart slug (D:1)
  2 ball pythons
  4 bats (D:1)
  5 giant cockroaches
  6 hobgoblins
  3 jackals (D:2)
  A kobold (D:1)
  A frilled lizard (D:1)
  7 goblins
  7 rats
40 creatures vanquished.

Notes
Turn   | Place    | Note
-------+----------+-------------------------------------------
     0 | Abyss:1  | vurker the Formicid Abyssal Knight began the quest for the
                  | Orb.
     0 | Abyss:1  | Reached XP level 1. HP: 18/18 MP: 2/2
    38 | D:1      | Escaped the Abyss
   170 | D:1      | Reached XP level 2. HP: 19/24 MP: 3/3
   559 | D:1      | Reached ** piety under Lugonu
   559 | D:1      | Reached XP level 3. HP: 29/29 MP: 3/5
  1226 | D:2      | Reached XP level 4. HP: 30/37 MP: 6/6
  1748 | D:2      | You fall into a shaft and drop 1 floor!
  1754 | D:3      | Noticed Grinder
  1768 | D:3      | Slain by Grinder

Levels and vault maps discovered:
D:1:      dpeg_arrival_simpleton_c, layout_loops_ring
D:2:      layout_basic
D:3:      wander_river, layout_loops_ring, old_standard_altar,
          serial_bayou_pond_c, uniq_grinder, uniq_natasha

Skill      XL: |  1  2  3 |
---------------+----------+-----
Axes           | 3 |  3.3
Invocations    | 3 |  3.1
Fighting       | |  3.9
Armour         | |  2.1
Dodging        | |  0.8

Action                   |  1- 3 |  4- 6 || total
-------------------------+-------+-------++-------
Melee: Hand axe          |   100 |    41 ||   141
  Eat: Chunk             |     1 |     2 ||     3
Armor: Leather armour    |    43 |     9 ||    52
Dodge: Dodged            |    60 |    26 ||    86

Table legend:
 A = Non-vault XP
 B = Vault XP
 C = Vault XP percentage of total XP
 D = Non-vault monster count
 E = Vault monster count
 F = Vault count percentage of total count
                 A         B        C        D         E       F
            +---------+---------+-------+---------+---------+-------
      Total |      99 |       0 |   0.0 |      40 |       0 |   0.0
            +---------+---------+-------+---------+---------+-------
        D:1 |      40 |       0 |   0.0 |      23 |       0 |   0.0
        D:2 |      50 |       0 |   0.0 |      15 |       0 |   0.0
        D:3 |       9 |       0 |   0.0 |       2 |       0 |   0.0
            +---------+---------+-------+---------+---------+-------
